 Dungeon Crawl Stone Soup version 0.28.0-45-g0d030f2227 (webtiles) character file.

Game seed: 16639622361492705570

5110 pkoi the Martial Artist (level 10, -9/86 HPs)
             Began as a Demigod Gladiator on Apr 15, 2022.
             Mangled by a death yak (26 damage)
             ... on level 8 of the Dungeon.
             The game lasted 00:18:39 (9652 turns).

pkoi the Martial Artist (Demigod Gladiator)         Turns: 9652, Time: 00:18:39

Health: -9/86      AC:  7    Str: 19    XL:     10   Next: 11%
Magic:  6/17       EV: 13    Int: 20    God:
Gold:   314        SH:  0    Dex: 19    Spells: 9/14 levels left

rFire   + . .      SeeInvis .     - Unarmed
rCold   . . .      Faith    .   (no shield)
rNeg    . . .      Spirit   .   H - +0 robe {Will+}
rPois   .          Reflect  .   b - +1 helmet
rElec   .          Harm     .   (no cloak)
rCorr   .          Rampage  .   y - +1 Delatra's gloves {ID++}
Will    ++...                   A - +0 pair of boots
Stlth   ++........              e - amulet of regeneration
HPRegen 1.04/turn               G - ring of protection from fire
MPRegen 0.15/turn               E - +6 ring of intelligence

@: about to teleport
A: high MP 1, forlorn, divine attributes
a: no special abilities


You were on level 8 of the Dungeon.
You visited 1 branch of the dungeon, and saw 9 of its levels.
You also visited: Ossuary.

You collected 374 gold pieces.
You spent 60 gold pieces at shops.

Inventory:

Hand Weapons
 f - a +0 dagger
 k - a +0 whip of protection
 n - a +2 short sword of protection
 u - a +0 dagger of venom
 F - a +3 spear
Missiles
 c - 5 throwing nets (quivered)
 d - a curare-tipped dart
 g - 3 boomerangs of dispersal
Armour
 b - a +1 helmet (worn)
 y - the +1 Delatra's gloves (worn) {ID++}
   (You found it on level 6 of the Dungeon)

   It heals its wearer when they drink unknown potions.
   It restores its wearer's MP when they read unknown scrolls.
 A - a +0 pair of boots (worn)
 H - a +0 robe of willpower (worn)
Magical Staves
 j - a staff of cold
Jewellery
 e - an amulet of regeneration (around neck)
 i - a ring of willpower
 E - a +6 ring of intelligence (right hand)
 G - a ring of protection from fire (left hand)
Wands
 p - a wand of digging (5)
Scrolls
 a - 3 scrolls of blinking
 l - 2 scrolls of enchant weapon
 s - 6 scrolls of enchant armour
 x - 3 scrolls of teleportation
 B - a scroll of holy word
 C - a scroll of amnesia
 D - 2 scrolls of identify
Potions
 h - 2 potions of invisibility
 m - 5 potions of brilliance
 o - a potion of cancellation
 q - 4 potions of haste
 t - a potion of flight
 v - 3 potions of might
 w - 2 potions of heal wounds
 z - 2 potions of curing


   Skills:
 + Level 7.1 Fighting
 - Level 1.7 Throwing
 - Level 2.6 Dodging
 - Level 2.0 Stealth
 * Level 10.7 Unarmed Combat
 * Level 2.8 Spellcasting
 * Level 3.0 Hexes
 + Level 2.0 Fire Magic
 + Level 2.0 Ice Magic
 - Level 1.8 Evocations


You had 9 spell levels left.
You knew the following spells:

 Your Spells              Type           Power      Damage    Failure   Level
a - Ensorcelled Hibernat  Hex/Ice        26%        N/A       8%          2
b - Inner Flame           Hex/Fire       13%        N/A       16%         3

Your spell library contained the following spells:

 Spells                   Type           Power      Damage    Failure   Level
 Cause Fear               Hex            7%         N/A       38%         4
 Spider Form              Tmut/Pois      2%         N/A       41%         3
 Anguish                  Hex/Necr       4%         N/A       58%         4
 Discord                  Hex            7%         N/A       100%        8


Dungeon Overview and Level Annotations

Branches:
Dungeon (9/15)             Temple (0/1) D:6             Orc (0/2) D:9
Ossuary (visited)
   Lair: D:8-11

Shops:
D:5 !


Innate Abilities, Weirdness & Mutations

You have an increased reservoir of magic. (+10% MP)
You shall have no god before yourself.
Your divine heritage dramatically boosts your attributes as you level up.


Message History

Unknown command.
The kobold brigand throws a curare-tipped dart.
The curare-tipped dart hits you.
You are poisoned.
You have difficulty breathing.
* * * LOW HITPOINT WARNING * * *
You feel yourself slow down.
The kobold brigand is engulfed in blazing flames.
The kobold brigand explodes!
You see here a +0 giant spiked club.
Unknown command.
Unknown command.
Unknown command.
You feel very sick.
You see here a +0 ring mail.
You feel very sick.
You feel very sick.
You feel sick.
Your magical contamination has completely faded away.
You feel sick.
You feel sick.
You feel sick.
You are no longer poisoned.
There is a stone staircase leading up here.
The kobold brigand throws a curare-tipped dart.
The curare-tipped dart misses you.
You climb upwards.
The death yak closely misses you. The death yak gores you!
* * * LOW HITPOINT WARNING * * *
There is a stone staircase leading down, spattered with blood here.
Unknown command.
The death yak gores you!
* * * LOW HITPOINT WARNING * * *
You feel yourself speed up.
As you read the scroll of teleportation, it crumbles to dust.
You feel strangely unstable.
The death yak gores you but does no damage.
Things that are here:
2 boomerangs; a +0 whip The death yak gores you!!
You die...

###....#......# ###..#####.....##
#......#......###
##................
#.....[...........
##...#............
##...#.......#.##.
######.Y#........## ##. ##
#.#..)@####....>..###..
##.##...(.#.####.......##..
##...##.......#####......##.
#.....#.........# #.........
#.....#.........###.........
#.........##.....#.......###
#....##..##.......#.....##.. ###.
#........##.##.....###.
###########........#...).........


You could see a death yak.

Vanquished Creatures
  A centaur warrior (D:8)
  2 ugly things
  An acid dragon (D:9)
  2 water moccasins
  An ice beast (D:8)
  3 sky beasts
  3 orc warriors
  4 ogres
  3 centaurs
  2 phantoms
  5 kobold brigands
  2 bullfrogs
  4 gnoll sergeants (D:9)
  A wyvern zombie (D:6)
  A scorpion (D:5)
  A water moccasin skeleton (D:7)
  A howler monkey (D:7)
  A centaur zombie (D:7)
  A gnoll shaman (D:7)
  6 hounds
  2 jellies
  2 orc priests
  2 iguanas
  6 orc wizards
  12 mummies (Ossuary)
  9 gnolls
  14 adders
  2 shadow imps (D:6)
  4 white imps
  2 ufetubi
  An adder skeleton (D:4)
  A worm (D:2)
  3 dart slugs (D:2)
  47 orcs
  2 bats (D:2)
  2 endoplasms (D:4)
  2 giant cockroaches (D:2)
  6 goblins
  9 hobgoblins
  2 jackals (D:1)
  11 kobolds
  2 quokkas (D:2)
  5 ball pythons
  2 frilled lizards (D:1)
  A gnoll skeleton (Ossuary)
  2 goblin skeletons (Ossuary)
  5 orc skeletons (Ossuary)
  3 rats
  11 rat skeletons (Ossuary)
217 creatures vanquished.

Vanquished Creatures (others)
  2 fungi (D:2)
  3 plants
5 creatures vanquished.

Grand Total: 222 creatures vanquished

Notes
Turn   | Place    | Note
-------+----------+-------------------------------------------
     0 | D:1      | pkoi the Demigod Gladiator began the quest for the Orb.
     0 | D:1      | Reached XP level 1. HP: 17/17 MP: 3/3
    65 | D:1      | Reached skill level 3 in Unarmed Combat
   411 | D:1      | Reached XP level 2. HP: 20/24 MP: 4/4
   953 | D:2      | Reached skill level 4 in Unarmed Combat
   953 | D:2      | Reached XP level 3. HP: 29/29 MP: 5/5
  2205 | D:3      | Reached XP level 4. HP: 25/36 MP: 6/6
  2968 | D:3      | Reached skill level 5 in Unarmed Combat
  2968 | D:3      | Reached XP level 5. HP: 19/42 MP: 7/7
  3758 | D:4      | Reached XP level 6. HP: 51/51 MP: 8/8
  3914 | D:4      | Reached skill level 6 in Unarmed Combat
  4340 | D:5      | Entered Level 5 of the Dungeon
  4346 | D:5      | Reached XP level 7. HP: 35/59 MP: 9/9
  4555 | D:5      | Found a sand-covered staircase.
  4587 | Ossuary  | Entered an ossuary
  4729 | Ossuary  | Reached skill level 7 in Unarmed Combat
  5364 | D:5      | Found Untax's Distillery.
  5374 | D:5      | Bought a potion of heal wounds for 60 gold pieces
  5596 | D:6      | Found a staircase to the Ecumenical Temple.
  5824 | D:5      | Reached skill level 5 in Fighting
  5824 | D:5      | Reached skill level 8 in Unarmed Combat
  5847 | D:6      | Reached XP level 8. HP: 68/68 MP: 10/10
  5966 | D:6      | Found the +1 Delatra's gloves {ID++}
  6928 | D:6      | Reached skill level 9 in Unarmed Combat
  7919 | D:8      | Noticed a green ugly thing
  7940 | D:7      | Killed a green ugly thing
  7940 | D:7      | HP: 3/70 [poisoned by a green ugly thing]
  7941 | D:7      | Reached skill level 10 in Unarmed Combat
  7941 | D:7      | Reached XP level 9. HP: 3/78 MP: 11/11
  8266 | D:8      | Noticed a death yak
  8401 | D:6      | Learned a level 2 spell: Ensorcelled Hibernation
  8555 | D:7      | Learned a level 3 spell: Inner Flame
  8681 | D:8      | Reached skill level 1 in Spellcasting
  8681 | D:8      | Reached skill level 1 in Hexes
  8982 | D:8      | Reached skill level 1 in Stealth
  8982 | D:8      | Reached skill level 1 in Evocations
  9026 | D:8      | Noticed a centaur warrior
  9039 | D:8      | Killed a centaur warrior
  9039 | D:8      | HP: 3/78 [orc/+0 flail (5)]
  9040 | D:8      | Reached skill level 1 in Fire Magic
  9040 | D:8      | Reached skill level 1 in Ice Magic
  9395 | D:9      | Noticed a cyan ugly thing
  9404 | D:9      | Killed a cyan ugly thing
  9572 | D:9      | Found a staircase to the Orcish Mines.
  9595 | D:9      | Reached XP level 10. HP: 79/86 MP: 9/17
  9652 | D:8      | Mangled by a death yak

Illustrated notes

Levels and vault maps discovered:
D:1:      amcnicky_arrival_blooded_trapdoor, layout_loops_ring
D:2:      minmay_wonky_spiral, layout_basic, shapermc_ecumenical_altar_acropolis
D:3:      layout_loops_cross
D:4:      layout_cave_pools, wad_rectangle_vault
D:5:      layout_loops_ring, serial_shops, nicolae_lakefront_shop,
          nicolae_ossuary_entry_ruins
D:6:      layout_basic, temple_pool_b, hangedman_abyss_or_decor_passed,
          pf_guarded_unrand_delatra
D:7:      layout_cave_pods, dk_noncrumbling_4
D:8:      corexii_shantytown, layout_cave_pools, serial_ice, serial_ice_f,
          serial_ice_m, serial_ice_c, serial_ice_g, minmay_crossroads
D:9:      layout_irregular_city, kennysheep_orc_monster_closet_entryway

Skill      XL: |  1  2  3  4  5  6  7  8  9 10 |
---------------+-------------------------------+-----
Unarmed Combat | 3 4 5 6 8 10 | 10.7
Fighting       | 2 3 4 5 6 7 |  7.1
Spellcasting   | 2 |  2.8
Hexes          | 2 3 |  3.0
Stealth        | 2 |  2.0
Evocations     | 1 |  1.8
Fire Magic     | 1 2 |  2.0
Ice Magic      | 1 2 |  2.0
Throwing       | |  1.7
Dodging        | |  2.6

Action                   |  1- 3 |  4- 6 |  7- 9 | 10-12 || total
-------------------------+-------+-------+-------+-------++-------
Melee: Unarmed           |   192 |   171 |   508 |    13 ||   884
       Punch             |     2 |     8 |    30 |       ||    40
 Cast: Inner Flame       |       |       |     6 |     3 ||     9
  Use: Scroll            |       |     3 |    20 |     1 ||    24
       Potion            |       |       |     2 |       ||     2
 Stab: Sleeping          |       |       |     3 |       ||     3
Armor: Leather armour    |     7 |       |       |       ||     7
       Ring mail         |    84 |    66 |    57 |       ||   207
       Plate armour      |       |       |   108 |       ||   108
       Robe              |       |       |    32 |     4 ||    36
Dodge: Dodged            |   114 |    72 |   184 |    15 ||   385
